 Dungeon Crawl Stone Soup version 0.30-a0-862-g1aabd4f9c5 (webtiles) character file.

Game seed: 5080052302749319923

38 hikkokomori the Ruffian (level 3, 0/43 HPs)
             Began as a Draconian Transmuter on Mar 10, 2023.
             Slain by Terence
             ... wielding a +0 falchion
              (1 damage)
             ... on level 2 of the Dungeon.
             The game lasted 00:02:35 (1558 turns).

hikkokomori the Ruffian (Draconian Transmuter)      Turns: 1558, Time: 00:02:36

Health: 0/43       AC: 21    Str: 12    XL:     3   Next: 25%
Magic:  6/6        EV:  2    Int: 15    God:
Gold:   97         SH:  0    Dex: 11    Spells: 5/6 levels left

rFire   . . .      SeeInvis +    d - +0 rapier
rCold   . . .      Faith    .    (no shield)
rNeg    . . .      Spirit   .    (body armour unavailable)
rPois   +          Reflect  .    (helmet currently unavailable)
rElec   .          Rampage  .    (cloak currently unavailable)
rCorr   .          NoTele   +    (gloves currently unavailable)
Will    .....                    (boots currently unavailable)
Stlth   +                        (no amulet)
HPRegen 0.27/turn                b - ring of see invisible
MPRegen 0.10/turn                (no ring)

@: brilliant, tree-form
A: stationary, stasis, torment immunity, boosted hp, AC +5, unfitting armour,
(cold-blooded)
a: no special abilities


You were on level 2 of the Dungeon.
You were a tree.
You visited 1 branch of the dungeon, and saw 2 of its levels.

You collected 97 gold pieces.

Inventory:

Hand Weapons
 d - a +0 rapier (weapon)
Missiles
 i - a poisoned dart
Jewellery
 b - a ring of see invisible (left branch)
Scrolls
 c - 3 scrolls of identify {unknown}
 e - a scroll of poison {unknown}
 g - a scroll of acquirement {unknown}
 h - a scroll of noise {unknown}
Potions
 f - a potion of brilliance


   Skills:
 + Level 1.7 Fighting
 - Level 1.7 Dodging
 + Level 1.1 Stealth
 + Level 3.3 Unarmed Combat
 + Level 2.3 Spellcasting
 + Level 2.4 Transmutations


You had 5 spell levels left.
You knew the following spells:

 Your Spells              Type           Power      Damage    Failure   Level
a - Beastly Appendage     Tmut           26%        N/A       9%          1

Your spell library contained the following spells:

 Spells                   Type           Power      Damage    Failure   Level
 Wereblood                Tmut           13%        N/A       12%         2
 Foxfire                  Conj/Fire      8%         2x1d4     22%         1
 Magic Dart               Conj           8%         1d3       22%         1
 Call Imp                 Summ           2%         N/A       32%         2
 Spider Form              Tmut/Pois      8%         N/A       36%         3
 Mephitic Cloud           Conj/Pois/Air  2%         N/A       54%         3
 Ice Form                 Ice/Tmut       8%         N/A       78%         4
 Fireball                 Conj/Fire      1%         3d3       99%         5
 Starburst                Conj/Fire      1%         6d3       100%        6


Dungeon Overview and Level Annotations

Branches:
Dungeon (2/15)

Altars:

Annotations:
D:2 Terence


Innate Abilities, Weirdness & Mutations

You are a tree.
Your roots penetrate the ground, keeping you stationary.
You cannot be teleported.
You are immune to unholy pain and torment.
Your maximum health is greatly increased.
Your equipment is partially melded.
((Your plain brown scales are hard. (AC +5)))
You cannot fit into any form of body armour.
((You are cold-blooded and may be slowed by cold attacks.))


Message History

i - a poisoned dart Terence hits you but does no damage.
Casting: Beastly Appendage (safe; 9% risk of failure)
Confirm with . or Enter, or press ? or * to list all spells.
You grow a pair of large bovine horns.
Your feet morph into talons.
Terence looks more healthy.
Terence closely misses you.
You hit Terence but do no damage.
Terence is lightly wounded.
Terence hits you with a +0 falchion. Terence hits you with a +0 falchion!
You closely miss Terence. You headbutt Terence, but do no damage.
Terence is lightly wounded.
Terence hits you with a +0 falchion.
* * * LOW HITPOINT WARNING * * *
It was a potion of brilliance.
You feel clever all of a sudden. Terence looks scornfully at you.
Terence misses you.
Really quaff the potion of lignification?
Your horns disappear.
Your talons disappear.
You turn into a tree.
Your roots penetrate the ground.
Terence hits you but does no damage.
You hit Terence but do no damage.
Terence is lightly wounded.
Terence hits you with a +0 falchion.
* * * LOW HITPOINT WARNING * * *
It was a potion of flight.
Your roots keep you in place.
Terence hits you with a +0 falchion.
* * * LOW HITPOINT WARNING * * *
You hit Terence but do no damage.
Terence is lightly wounded.
Terence hits you with a +0 falchion.
* * * LOW HITPOINT WARNING * * *
You closely miss Terence.
Terence is lightly wounded.
Terence hits you with a +0 falchion.
* * * LOW HITPOINT WARNING * * *
You barely miss Terence.
Terence is lightly wounded.
Terence hits you with a +0 falchion.
You die...

.....###......###.#
.........##.#.# #.#
##.########.#.# #.#
#.# #....##.####
#.# #..........#
#+# #......###.#
#......# # ##...#@#
#.###♣#
#......(...#
)..............
##...##.###.###
##.. #.# # ## ..#
### #+# #.#


You could see Terence.

Vanquished Creatures
  An adder (D:2)
  A dart slug (D:1)
  5 ball pythons
  4 bats
  3 endoplasms
  2 giant cockroaches (D:1)
  A goblin (D:2)
  2 hobgoblins
  2 frilled lizards
  4 kobolds
  A rat (D:2)
26 creatures vanquished.

Notes
Turn   | Place    | Note
-------+----------+-------------------------------------------
     0 | D:1      | hikkokomori the Draconian Transmuter began the quest for
                  | the Orb.
     0 | D:1      | Reached XP level 1. HP: 16/16 MP: 3/3
   399 | D:1      | Found a faded altar of an unknown god.
   677 | D:1      | Reached XP level 2. HP: 21/23 MP: 5/5
  1344 | D:2      | Reached skill level 1 in Stealth
  1373 | D:2      | Reached XP level 3. HP: 27/29 MP: 6/6
  1523 | D:2      | Noticed Terence
  1557 | D:2      | HP: 1/43 [Terence/+0 falchion (3)]
  1558 | D:2      | Slain by Terence

Illustrated notes

Levels and vault maps discovered:
D:1:      nicolae_arrival_somewhat_less_tricky_arrival, layout_basic,
          dreamdust_ecumenical_altar_statues
D:2:      layout_loops_corners, uniq_terence

Skill      XL: |  1  2 |
---------------+-------+-----
Stealth        | 1 |  1.1
Fighting       | |  1.7
Dodging        | |  1.7
Unarmed Combat | |  3.3
Spellcasting   | |  2.3
Transmutations | |  2.4

Action                     || total
---------------------------++-------
  Melee: Rapier            ||    74
         Unarmed           ||    12
         Tailslap          ||     9
         Headbutt          ||     1
  Throw: Dart              ||     4
   Cast: Beastly Appendage ||     3
    Use: Potion            ||     3
   Stab: Sleeping          ||     3
 Armour: Skin              ||    41
  Dodge: Dodged            ||    69

Table legend: (Time is in decaauts)
 A = Elapsed time spent in this place.
 B = Non-inter-level travel time spent in this place.
 C = Inter-level travel time spent in this place.
 D = Time resting spent in this place.
 E = Time spent auto-exploring this place.
 F = Levels seen in this place.
 G = Mean time per level.
                   A        B        C        D        E       F      G
               +--------+--------+--------+--------+--------+-----+--------+
         Total |   1572 |   1521 |     51 |      0 |   1240 |   2 |  786.0 |
       Dungeon |   1572 |   1521 |     51 |      0 |   1240 |   2 |  786.0 |
               +--------+--------+--------+--------+--------+-----+--------+

Top non-repeatable levels by time:
     D:1: 1018 daAuts
     D:2: 553 daAuts
